 Dungeon Crawl Stone Soup version 0.28-a0-1565-g95a8017c83 (webtiles) character file.

Game seed: 6891154396112567615

40913 tilp the Frost Mage (level 13, -4/61 HPs)
             Began as a Felid Ice Elementalist on Jan 19, 2022.
             Was a High Priest of Vehumet.
             Killed from afar by an Ice Fiend (16 damage)
             ... with a bolt of cold
             ... in an ice cave.
             The game lasted 01:24:22 (51338 turns).

tilp the Frost Mage (Felid Ice Elementalist)       Turns: 51338, Time: 01:24:23

Health: -4/61      AC: 18    Str:  4    XL:     13   Next: 77%
Magic:  3/26       EV: 23    Int: 22    God:    Vehumet [*****.]
Gold:   544        SH:  0    Dex: 16    Spells: 2/29 levels left
                                        Lives:  0   Deaths: 4

rFire   x . .      SeeInvis +     - Unarmed
rCold   + + .      Faith    .   (shield unavailable)
rNeg    . . .      Spirit   .   (armour unavailable)
rPois   .          Reflect  .   (helmet unavailable)
rElec   .          Harm     .   (cloak unavailable)
rCorr   .          Rampage  .   (gloves unavailable)
Will    +....                   (boots unavailable)
Stlth   +++++.....              O - amulet of regeneration
HPRegen 1.00/turn               w - ring of ice
MPRegen 0.20/turn               N - +4 ring of protection

@: ice-armoured, quick
A: very small, claws 1, fangs 3, see invisible, speed 1, shaggy fur 3, stealthy
paws, no weapons or thrown items, no armour, multi-lived
a: Renounce Religion


You were in an ice cave.
You worshipped Vehumet.
Vehumet was extremely pleased with you.
You visited 4 branches of the dungeon, and saw 24 of its levels.
You also visited: Sewer, Gauntlet and Ice Cave.

You collected 3144 gold pieces.
You spent 2600 gold pieces at shops.

Inventory:

Jewellery
 e - a ring of fire
 h - the ring "Rethryote" {rCorr EV+4 Dex+2}
   (You found it in a sewer)

   [ring of evasion]

   EV:        It affects your evasion (+4).
   Dex:       It affects your dexterity (+2).
   rCorr:     It protects you from acid and corrosion.
 k - a ring of wizardry
 t - a +6 ring of dexterity
 w - a ring of ice (left paw)
 C - a ring of magical power
 F - a +4 ring of slaying
 H - an amulet of faith
 I - an amulet of reflection
 M - a ring of poison resistance
 N - a +4 ring of protection (right paw)
 O - an amulet of regeneration (around neck)
 R - a +4 ring of evasion
 S - a +6 ring of intelligence
 T - a ring of fire
 V - a +6 ring of intelligence
Wands
 a - a wand of polymorph (17)
 j - a wand of digging (25)
 o - a wand of acid (2)
 p - a wand of paralysis (12)
 E - a wand of flame (33)
 P - a wand of iceblast (4)
 Q - a wand of mindburst (4)
Scrolls
 q - 2 scrolls of amnesia
 s - 9 scrolls of teleportation
 u - 4 scrolls of magic mapping
 y - 5 scrolls of fog
 A - 2 scrolls of vulnerability
 G - 3 scrolls of immolation
 L - 2 scrolls of fear
 U - a scroll of blinking
Potions
 b - 2 potions of invisibility
 c - 2 potions of magic
 d - 4 potions of attraction
 f - 3 potions of cancellation
 g - 4 potions of haste
 i - 5 potions of curing
 l - 6 potions of mutation
 m - 3 potions of might
 n - 4 potions of lignification
 r - 2 potions of flight
 v - 2 potions of heal wounds
 x - 6 potions of brilliance
 z - 2 potions of berserk rage
 B - 2 potions of resistance
 D - a potion of ambrosia {unknown}
Miscellaneous
 J - a lightning rod (4/4)
 K - a phantom mirror


   Skills:
 - Level 10.0 Fighting
 - Level 10.0 Dodging
 - Level 12.0 Stealth
 - Level 10.0 Unarmed Combat
 + Level 8.8 Spellcasting
 + Level 12.8 Conjurations
 - Level 4.0 Hexes
 + Level 12.8 Ice Magic
 - Level 6.0 Earth Magic
 - Level 8.0 Evocations


You had 2 spell levels left.
You knew the following spells:

 Your Spells              Type           Power      Damage    Failure   Level
a - Orb of Destruction    Conj           30%        9d10      8%          7
b - Frozen Ramparts       Ice            100%       1d12      1%          3
c - Ozocubu's Armour      Ice            79%        N/A       1%          3
d - Hailstorm             Conj/Ice       79%        3d16      1%          4
e - Stone Arrow           Conj/Erth      100%       3d13      1%          3
f - Ozocubu's Refrigerat  Ice            39%        4d12      8%          7

Your spell library contained the following spells:

 Spells                   Type           Power      Damage    Failure   Level
 Freeze                   Ice            100%       1d11      1%          1
 Magic Dart               Conj           100%       1d8       1%          1
 Sandblast                Erth           72%        2d16      1%          1
 Slow                     Hex            100%       N/A       1%          1
 Ensorcelled Hibernation  Hex/Ice        100%       N/A       1%          2
 Searing Ray              Conj           100%       2d8       1%          2
 Passwall                 Tmut/Erth      18%        N/A       3%          2
 Poisonous Vapours        Pois/Air       18%        N/A       3%          2
 Sting                    Tmut/Pois      36%        1d4       7%          1
 Corpse Rot               Necr/Air       18%        N/A       11%         2
 Fulminant Prism          Conj/Hex       23%        3d13      1%          4
 Inner Flame              Hex/Fire       18%        N/A       2%          3
 Confusing Touch          Hex            27%        N/A       4%          3
 Tukima's Dance           Hex            27%        N/A       4%          3
 Summon Ice Beast         Ice/Summ       55%        N/A       4%          4
 Leda's Liquefaction      Hex/Erth       15%        N/A       9%          4
 Vampiric Draining        Necr           9%         2d6       21%         3
 Anguish                  Hex/Necr       9%         N/A       30%         4
 Borgnjor's Vile Clutch   Necr/Erth      11%        N/A       50%         5
 Simulacrum               Ice/Necr       27%        N/A       58%         6
 Summon Mana Viper        Hex/Summ       18%        N/A       63%         5
 Blade Hands              Tmut           4%         N/A       88%         5
 Manifold Assault         Tloc           9%         N/A       88%         5
 Enfeeble                 Hex            13%        N/A       100%        7
 Monstrous Menagerie      Summ           4%         N/A       100%        7
 Disjunction              Tloc           4%         N/A       100%        8
 Maxwell's Capacitive Co  Air            4%         ∞         100%        8
 Portal Projectile        Hex/Tloc       Unusable   N/A       N/A         3
 Excruciating Wounds      Necr           Unusable   N/A       N/A         5

Dungeon Overview and Level Annotations

Branches:
Dungeon (15/15)            Temple (1/1) D:7            Lair (6/6) D:11
  Swamp (0/4) Lair:2       Spider (0/4) Lair:3        Slime (0/5) Lair:5
    Orc (2/2) D:10            Elf (0/3) Orc:2        Vaults (0/5) D:14
 Depths (0/4) D:15          Sewer (visited)           IceCv (1/1)
Gauntlet (visited)

Altars:
Ashenzari
Cheibriados
Dithmenos
Elyvilon
Fedhas
Gozag
Hepliaklqana
Kikubaaqudgha
Makhleb
Nemelex Xobeh
Okawaru
Qazlal
Ru
Sif Muna
Trog
Uskayaw
Vehumet
Wu Jian
Xom
Yredelemnul
Zin
The Shining One
Beogh

Shops:
D:2 **   D:3 !   D:6 (   D:10 ?   D:14 [   Orc:1 (   Orc:2 *==(

Annotations:
Lair:2 oklob dig vault, exclusion: 4 oklob plants


Innate Abilities, Weirdness & Mutations

You have sharp claws.
You have razor-sharp teeth.
You have supernaturally acute eyesight. (SInv)
You cover ground quickly. (Speed+)
Your thick and shaggy fur keeps you warm. (AC +3, rC+)
Your paws help you pounce on unaware monsters.
You are incapable of wielding weapons or throwing items.
You cannot wear armour.
You gain extra lives every three experience levels.


Message History

The Ice Fiend barely misses you.
Casting: Stone Arrow (safe; 1% risk of failure)
Confirm with . or Enter, or press ? or * to list all spells.
Aiming: Stone Arrow (safe; 1% risk of failure)
Press: ? - help, Shift-Dir - straight line, f/p - Ice Fiend
Aim: an Ice Fiend (heavily wounded, 89% to hit)
The stone arrow hits the Ice Fiend!
The Ice Fiend is severely wounded.
The Ice Fiend gestures at you. The bolt of cold misses you.
Casting: Stone Arrow (safe; 1% risk of failure)
Confirm with . or Enter, or press ? or * to list all spells.
Aiming: Stone Arrow (safe; 1% risk of failure)
Press: ? - help, Shift-Dir - straight line, f/p - Ice Fiend
Aim: an Ice Fiend (severely wounded, 89% to hit)
The stone arrow hits the Ice Fiend!
The Ice Fiend is severely wounded.
The Ice Fiend claws you but does no damage.
The Ice Fiend barely misses you.
Casting: Stone Arrow (safe; 1% risk of failure)
Confirm with . or Enter, or press ? or * to list all spells.
Aiming: Stone Arrow (safe; 1% risk of failure)
Press: ? - help, Shift-Dir - straight line, f/p - Ice Fiend
Aim: an Ice Fiend (severely wounded, 89% to hit)
The stone arrow hits the Ice Fiend!!
The Ice Fiend is almost dead.
The Ice Fiend misses you. The Ice Fiend claws you!
* * * LOW HITPOINT WARNING * * *
The Ice Fiend freezes you! You resist.
* * * LOW HITPOINT WARNING * * *
Casting: Stone Arrow (safe; 1% risk of failure)
Confirm with . or Enter, or press ? or * to list all spells.
Aiming: Stone Arrow (safe; 1% risk of failure)
Press: ? - help, Shift-Dir - straight line, f/p - Ice Fiend
Aim: an Ice Fiend (almost dead, 89% to hit)
The stone arrow hits the Ice Fiend!
The Ice Fiend is almost dead.
The Ice Fiend gestures at you. The bolt of cold hits you! You resist.
You die...

##### #.[)# ##########
#...#########@1Z##...#
####.....#..#...##...##...#
#≈#####....#..########
#..1.# #≈#≈#≈≈.#####..#
#.Z..Z ##≈≈≈≈#≈..##..##
#Z... #≈≈#≈≈≈##...### ..##
≈#####..##### ## ## ≈≈≈≈≈≈
## ≈≈≈≈≈≈≈≈


You could see an Ice Fiend and an alligator simulacrum.

Vanquished Creatures
  A very ugly thing (IceCv)
  A minotaur (Gauntlet)
  Fannar (D:10)
  6 vault guards (D:14)
  2 centaur warriors (D:14)
  11 hydras
  2 death knights
  2 boulder beetles
  3 catoblepae
  Erica (D:11)
  8 two-headed ogres
  4 orc high priests (Orc:2)
  16 death yaks
  Sonja (Lair:2)
  5 spriggan simulacra (IceCv)
  6 orc knights (Orc:2)
  A phantasmal warrior (D:13)
  An obsidian statue (IceCv)
  A lindwurm (Lair:6)
  7 orc sorcerers
  2 ugly things
  3 cyclopes
  3 manticores
  9 elephants
  5 black mambas
  2 torpor snails (Lair:6)
  11 cane toads
  4 freezing wraiths (IceCv)
  2 unseen horrors (D:12)
  5 rime drakes
  3 kobold demonologists
  2 anaconda simulacra (IceCv)
  An efreet (D:14)
  7 entropy weaver simulacra (IceCv)
  6 komodo dragons
  7 ice devils (IceCv)
  2 trolls
  6 polar bears
  A hornet (Lair:6)
  A hornet (shapeshifter) (D:13)
  25 blink frogs
  A queen bee (Lair:2)
  Grinder (D:3)
  21 slime creatures
  A blink frog (shapeshifter) (D:12)
  10 dream sheep (Lair:6)
  11 spriggans (Lair:6)
  A jumping spider (Lair:3)
  8 wraiths
  8 wyverns
  3 dire elephant simulacra (IceCv)
  11 basilisks
  49 yaks
  5 humans (D:10)
  A redback (Lair:3)
  3 minotaur simulacra (IceCv)
  A steam dragon (D:10)
  2 vampire mosquitoes
  A harpy simulacrum (IceCv)
  An acid dragon (D:12)
  A swamp worm (Lair:2)
  14 water moccasins
  18 orc warriors
  7 black bears
  2 ettin simulacra (IceCv)
  2 ice beasts
  7 ogres
  21 wolves
  2 alligator simulacra (IceCv)
  5 boggarts (Lair:6)
  7 centaurs
  A phantom (D:5)
  Blork the orc (D:6)
  4 kobold brigands
  11 bullfrogs
  3 scorpions
  6 deep troll simulacra (IceCv)
  A wyvern zombie (D:5)
  A water moccasin skeleton (D:2)
  44 killer bees
  3 lindwurm simulacra (IceCv)
  2 electric eels
  12 wights
  3 howler monkeys
  A lava snake (D:13)
  3 centaur zombies
  A bullfrog skeleton (D:6)
  A hound (D:6)
  A centaur skeleton (D:7)
  19 orc priests
  2 gnoll shamans
  4 jellies
  4 iguanas
  24 orc wizards
  A killer bee zombie (D:7)
  12 gnolls
  A howler monkey zombie (D:6)
  11 adders
  A river rat (Lair:2)
  3 shadow imps
  3 white imps
  An ufetubus (D:6)
  A worm (D:2)
  4 dart slugs
  62 orcs
  11 ball pythons
  8 bats
  13 endoplasms
  11 giant cockroaches
  6 goblins
  10 hobgoblins
  20 kobolds
  12 quokkas
  15 frilled lizards
  A quokka skeleton (D:4)
  9 rats
780 creatures vanquished.

Vanquished Creatures (others)
  An orc wizard (Orc:1)
  A bush (Lair:6)
  65 fungi
  64 plants
131 creatures vanquished.

Grand Total: 911 creatures vanquished

Notes
Turn   | Place    | Note
-------+----------+-------------------------------------------
     0 | D:1      | tilp the Felid Ice Elementalist began the quest for the
                  | Orb.
     0 | D:1      | Reached XP level 1. HP: 7/7 MP: 4/4
   217 | D:1      | Reached XP level 2. HP: 11/11 MP: 4/6
   775 | D:2      | Reached XP level 3. HP: 14/14 MP: 3/7
   826 | D:1      | Learned a level 3 spell: Frozen Ramparts
   907 | D:2      | Found Vomaer's General Store.
  1496 | D:2      | Reached XP level 4. HP: 16/18 MP: 7/9
  1651 | D:2      | Bought a potion of curing for 42 gold pieces
  2475 | D:2      | Learned a level 3 spell: Ozocubu's Armour
  2546 | D:2      | Found Dofi Ywn's General Store.
  3056 | D:3      | Found a glowing drain.
  3086 | Sewer    | Entered a sewer
  3194 | Sewer    | Reached skill level 5 in Ice Magic
  3555 | Sewer    | Reached XP level 5. HP: 21/21 MP: 6/10
  4123 | Sewer    | Identified the ring "Rethryote" {rCorr EV+4 Dex+2}
  4333 | D:3      | Found a faded altar of an unknown god.
  4550 | D:3      | Noticed Grinder
  5316 | D:3      | Found Dust's Distillery.
  5319 | D:3      | Found a sparkling altar of Nemelex Xobeh.
  5613 | D:4      | Noticed an ogre
  5989 | D:4      | Reached skill level 1 in Fighting
  5989 | D:4      | Reached skill level 1 in Unarmed Combat
  5989 | D:4      | Gained mutation: You are covered in thick fur. (AC +2)
                  | [Felid growth]
  5989 | D:4      | Reached XP level 6. HP: 25/25 MP: 5/11
  6386 | D:4      | Identified the +6 hunting sling of Tiytil {freeze, Fragile
                  | +Blink rCorr Str+7}
  6699 | D:2      | Learned a level 3 spell: Stone Arrow
  6792 | D:5      | Entered Level 5 of the Dungeon
  7051 | D:5      | Reached XP level 7. HP: 30/30 MP: 9/12
  7169 | D:3      | Bought a potion of heal wounds for 70 gold pieces
  7394 | D:5      | Noticed a two-headed ogre
  7642 | D:5      | HP: 1/31 [wight (12)]
  8511 | D:5      | Reached skill level 5 in Stealth
  8656 | D:6      | Reached XP level 8. HP: 36/36 MP: 6/13
  8782 | D:6      | Found Heefadd's Weapon Emporium.
  8895 | D:6      | Noticed Blork the orc
  8908 | D:6      | Killed Blork the orc
  9219 | D:6      | Reached skill level 1 in Conjurations
  9219 | D:6      | Reached skill level 1 in Earth Magic
  9850 | D:6      | You fall into a shaft and drop 2 floors!
  9855 | D:8      | Noticed a hornet
  9857 | D:8      | Identified a scroll of acquirement
  9857 | D:8      | Acquired 823 gold pieces
  9861 | D:8      | Noticed a rime drake
  9861 | D:8      | a hornet changed into a rime drake
 10588 | D:7      | Found a staircase to the Ecumenical Temple.
 10616 | Temple   | Entered the Ecumenical Temple
 10771 | Temple   | Became a worshipper of Vehumet
 10941 | D:7      | Found a white marble altar of Elyvilon.
 10947 | D:7      | Learned a level 4 spell: Hailstorm
 11118 | D:7      | Reached XP level 9. HP: 32/39 MP: 10/17
 11689 | D:6      | Reached skill level 5 in Spellcasting
 12334 | D:4      | Reached * piety under Vehumet
 12334 | D:4      | Offered knowledge of Foxfire by Vehumet.
 12438 | D:5      | Killed a two-headed ogre
 12439 | D:5      | Reached skill level 5 in Conjurations
 12673 | D:3      | Killed Grinder
 13485 | D:8      | Killed a rime drake
 13486 | D:8      | Reached XP level 10. HP: 42/42 MP: 5/18
 13950 | D:9      | Reached skill level 1 in Evocations
 13996 | D:9      | Offered knowledge of Shock by Vehumet.
 14075 | D:9      | Reached ** piety under Vehumet
 14323 | D:9      | Noticed a two-headed ogre
 14351 | D:9      | Killed a two-headed ogre
 14581 | D:9      | Reached skill level 5 in Fighting
 14581 | D:9      | Reached skill level 5 in Unarmed Combat
 14584 | D:9      | Reached skill level 5 in Dodging
 15110 | D:9      | Noticed a two-headed ogre
 15751 | D:9      | Killed a two-headed ogre
 15934 | D:10     | Entered Level 10 of the Dungeon
 16078 | D:9      | Reached XP level 11. HP: 40/48 MP: 5/19
 17752 | D:10     | Found Naczoj's Magic Scroll Shoppe.
 17851 | D:10     | Bought a scroll of magic mapping for 45 gold pieces
 17851 | D:10     | Bought a scroll of summoning for 123 gold pieces
 17864 | D:10     | Identified the +1 chain mail of the Armadillo {rPois
                  | Will+++ Str-2 Slay+3}
 17875 | D:10     | Offered knowledge of Dazzling Flash by Vehumet.
 18036 | D:10     | Found a staircase to the Orcish Mines.
 18164 | D:10     | Found an ornate altar of the Wu Jian Council.
 18165 | D:10     | Found a glowing silver altar of Zin.
 18165 | D:10     | Found a shimmering blue altar of Sif Muna.
 18166 | D:10     | Found a hide-covered altar of Uskayaw.
 18191 | D:10     | Reached *** piety under Vehumet
 18452 | D:10     | Noticed a two-headed ogre
 18615 | D:10     | Killed a two-headed ogre
 19123 | D:10     | Offered knowledge of Mephitic Cloud by Vehumet.
 19433 | D:10     | Noticed Fannar
 19969 | D:10     | Killed from afar by Fannar
 19970 | D:10     | Reached XP level 10. HP: -6/45 MP: 0/20
 20129 | D:11     | Noticed a five-headed hydra
 20138 | D:11     | Killed a five-headed hydra
 20259 | D:11     | Found a staircase to the Lair.
 20259 | D:11     | Noticed an elephant
 20281 | D:11     | Noticed a manticore
 20281 | D:11     | Found the +8 trident of the Octopus King {venom, rElec
                  | rPois}
 20288 | D:11     | Killed a manticore
 20386 | D:11     | Noticed a boulder beetle
 20668 | D:11     | Killed a boulder beetle
 20669 | D:11     | Reached XP level 11. HP: 48/48 MP: 7/22
 20902 | D:11     | Noticed Erica
 21217 | D:11     | Noticed a five-headed hydra
 21228 | D:11     | Killed a five-headed hydra
 22168 | Lair:1   | Entered Level 1 of the Lair of Beasts
 22735 | Lair:1   | Reached **** piety under Vehumet
 22942 | Lair:1   | Reached skill level 10 in Conjurations
 23388 | Lair:1   | Noticed a four-headed hydra
 23396 | Lair:1   | Killed a four-headed hydra
 23397 | Lair:1   | Reached skill level 10 in Ice Magic
 23651 | Lair:2   | Offered knowledge of Lightning Bolt by Vehumet.
 23935 | Lair:2   | Noticed a five-headed hydra
 23946 | Lair:2   | Killed a five-headed hydra
 24065 | Lair:2   | Gained mutation: Your thick and shaggy fur keeps you warm.
                  | (AC +3, rC+) [Felid growth]
 24065 | Lair:2   | Reached XP level 12. HP: 52/53 MP: 4/23
 24105 | Lair:2   | Reached skill level 5 in Evocations
 24363 | Lair:2   | Reached ***** piety under Vehumet
 24453 | Lair:2   | Offered knowledge of Starburst by Vehumet.
 24856 | Lair:2   | Noticed Sonja
 24953 | Lair:2   | Killed Sonja
 25512 | Lair:2   | Found a staircase to the Swamp.
 26357 | Lair:3   | Learned a level 7 spell: Ozocubu's Refrigeration
 26832 | Lair:3   | Found a hole to the Spider Nest.
 27339 | D:3      | Bought a potion of haste for 140 gold pieces
 27339 | D:3      | Bought a potion of brilliance for 56 gold pieces
 27339 | D:3      | Bought a potion of resistance for 140 gold pieces
 27339 | D:3      | Bought a potion of invisibility for 112 gold pieces
 27536 | D:10     | Bought a scroll of fear for 45 gold pieces
 27536 | D:10     | Bought a scroll of fog for 26 gold pieces
 27536 | D:10     | Bought a scroll of magic mapping for 45 gold pieces
 27730 | D:2      | Bought 2 potions of heal wounds for 140 gold pieces
 27974 | Lair:4   | Reached skill level 10 in Stealth
 28256 | Lair:4   | Noticed a boulder beetle
 28262 | Lair:4   | Killed a boulder beetle
 28503 | Lair:4   | Reached XP level 13. HP: 58/58 MP: 24/24
 28925 | Lair:5   | Found a staircase to the Slime Pits.
 29065 | Lair:5   | Identified the +8 short sword of Asal {freeze, Fly rCorr
                  | Str+2}
 29654 | Lair:5   | Reached skill level 5 in Earth Magic
 31578 | Lair:5   | Found a staircase to the Slime Pits.
 33235 | Lair:5   | Found a staircase to the Slime Pits.
 33828 | Lair:5   | Found a staircase to the Slime Pits.
 34198 | Lair:6   | Entered Level 6 of the Lair of Beasts
 34198 | Lair:6   | Found a gate leading to a gauntlet.
 34321 | Lair:6   | HP: 2/58 [five-headed hydra (9)]
 34322 | Gauntlet | Entered a Gauntlet
 34322 | Gauntlet | Found a transporter.
 34411 | Gauntlet | Found a transporter.
 34623 | Gauntlet | Found a transporter.
 34626 | Gauntlet | Found a transporter.
 34636 | Gauntlet | Found a transporter.
 34656 | Gauntlet | Found a transporter.
 34661 | Gauntlet | Found a transporter.
 34665 | Gauntlet | Found a transporter.
 34692 | Gauntlet | Found a transporter.
 34712 | Gauntlet | Found a transporter.
 34716 | Gauntlet | Found a transporter.
 34716 | Gauntlet | Noticed a green death
 34727 | Gauntlet | Found a transporter.
 34749 | Gauntlet | Noticed a ghost moth
 34749 | Gauntlet | a jorogumo changed into a ghost moth
 34755 | Gauntlet | Noticed a storm dragon
 34755 | Gauntlet | a ghost moth changed into a storm dragon
 34765 | Gauntlet | Noticed an emperor scorpion
 34765 | Gauntlet | a storm dragon changed into an emperor scorpion
 34770 | Gauntlet | an emperor scorpion changed into a great orb of eyes
 34779 | Gauntlet | Noticed an entropy weaver
 34779 | Gauntlet | a radroach changed into an entropy weaver
 34852 | Gauntlet | Noticed a broodmother
 34854 | Gauntlet | Noticed an ettin
 34854 | Gauntlet | a broodmother changed into an ettin
 34866 | Gauntlet | Noticed a broodmother
 34866 | Gauntlet | a catoblepas changed into a broodmother
 34871 | Gauntlet | a broodmother changed into a boulder beetle
 34886 | Gauntlet | Slain by an ettin (shapeshifter)
 34887 | Gauntlet | Reached XP level 12. HP: -1/55 MP: 23/23
 34911 | Gauntlet | Noticed a minotaur
 34919 | Gauntlet | Killed a minotaur
 35069 | Gauntlet | Identified the +0 ring mail "Meirim" {rPois Will+}
 35070 | Gauntlet | Got the Reference Book on Cloudy Bewitchment
 35070 | Gauntlet | Got Revon's Papyrus of Shifting Translocation
 35201 | Lair:5   | Killed a five-headed hydra
 35693 | Lair:6   | Reached XP level 13. HP: 58/58 MP: 6/24
 35905 | Lair:5   | Learned a level 2 spell: Ensorcelled Hibernation
 36108 | Lair:6   | Reached skill level 1 in Hexes
 37446 | Lair:6   | Offered knowledge of Lee's Rapid Deconstruction by Vehumet.
 38785 | Lair:6   | Got the Guide on Ashen Snow
 39637 | Orc:1    | Entered Level 1 of the Orcish Mines
 39672 | Orc:1    | Found Cewuloirall's Antique Weapon Shop.
 39973 | Orc:1    | Found a shimmering blue altar of Sif Muna.
 40069 | Orc:2    | Entered Level 2 of the Orcish Mines
 41265 | Orc:2    | Found a staircase to the Elven Halls.
 41415 | Orc:2    | Offered knowledge of Spellforged Servitor by Vehumet.
 41607 | Orc:2    | Reached XP level 14. HP: 64/64 MP: 25/25
 42302 | Orc:2    | Paralysed by an orc sorcerer for 5 turns
 42306 | Orc:2    | Killed from afar by an orc sorcerer
 42307 | Orc:2    | Reached XP level 13. HP: -1/60 MP: 3/33
 42325 | Orc:2    | HP: 1/60 [something][an orc sorcerer] (6)]
 43169 | Orc:2    | Found Weysa's Antique Weapon Shoppe.
 43169 | Orc:2    | Found Ygul's General Store.
 43170 | Orc:2    | Found Meuqodd's Jewellery Shop.
 43170 | Orc:2    | Found Hateih's Jewellery Shop.
 43188 | Orc:2    | Bought a ring of poison resistance for 320 gold pieces
 43198 | Orc:2    | Bought a +4 ring of protection for 612 gold pieces
 43198 | Orc:2    | Bought an amulet of regeneration for 510 gold pieces
 43220 | Orc:2    | Bought a scroll of identify for 24 gold pieces
 43220 | Orc:2    | Bought a scroll of magic mapping for 42 gold pieces
 43220 | Orc:2    | Bought a wand of mindburst (5) for 108 gold pieces
 43405 | D:10     | Killed Fannar
 43598 | D:11     | Killed Erica
 45176 | D:12     | Reached skill level 10 in Unarmed Combat
 45177 | D:12     | Reached skill level 10 in Fighting
 45341 | D:12     | Reached skill level 10 in Dodging
 46423 | D:13     | Offered knowledge of Orb of Destruction by Vehumet.
 47490 | D:14     | Learned a level 7 spell: Orb of Destruction
 47547 | D:13     | Reached XP level 14. HP: 66/66 MP: 14/26
 47880 | D:14     | Found Qoetsenu's Antique Armour Boutique.
 47922 | D:14     | Found a gate to the Vaults.
 48223 | D:14     | Found a snail-covered altar of Cheibriados.
 49342 | D:15     | Entered Level 15 of the Dungeon
 49404 | D:15     | Found a stormy altar of Qazlal.
 49411 | D:15     | Found a frozen archway.
 49423 | IceCv    | Entered an ice cave
 49612 | IceCv    | Noticed a white very ugly thing
 49624 | IceCv    | Killed a white very ugly thing
 50505 | IceCv    | HP: 3/66 [entropy weaver simulacrum (6)]
 50505 | IceCv    | Mangled by an entropy weaver simulacrum
 50506 | IceCv    | Reached XP level 13. HP: -8/61 MP: 5/26
 50780 | IceCv    | Noticed an Ice Fiend
 51338 | IceCv    | Killed from afar by an Ice Fiend

Illustrated notes

Levels and vault maps discovered:
D:1:      tarquinn_simple_flora_water_b, layout_basic, minmay_liquid_box
D:2:      layout_loops_ring, serial_shops, nicolae_shop_window_shopping, shop,
          hangedman_feature_mirror
D:3:      layout_basic, nemelex_xobeh_ov_fountains_minmay, portal_sewer_entry_d,
          serial_shops, nicolae_shop_crystal,
          shapermc_ecumenical_altar_starsandcircs, hex_intersection,
          uniq_grinder
D:4:      layout_loops_ring
D:5:      layout_basic
D:6:      layout_cave_pods, serial_shops, nicolae_shop_statue_plus,
          uniq_blork_the_orc
D:7:      layout_loops_ring, mainiacjoe_overflow_alcove_1,
          minmay_temple_entry_trees, uniq_maggie
D:8:      layout_cave_pools
D:9:      hellmonk_warped_wall, layout_loops_corners
D:10:     layout_grid_maze, chequers_temple_overflow_statue_of_worship,
          erik_orc_3, serial_shops, shop_fountains, grunt_ministairs_7,
          minmay_ruffians, uniq_fannar
D:11:     layout_irregular_city, david_lair_generic, uniq_erica
D:12:     layout_rooms
D:13:     layout_basic
D:14:     layout_roguey, erik_vaults_2, serial_shops, shop, cheibriados_altar_1
D:15:     hangedman_depths_entry_civil_slaughter, layout_basic,
          portal_ice_cave_entry_pillars_four, nzn_hepliaklqana_mist_gate,
          enter_trove_5, nicolae_qazlal_scattered_showers
Temple:   regret_index_temple_sphere_string
Lair:1:   layout_cave_pods
Lair:2:   hangedman_what_comes_after_a, layout_chaotic_city,
          minmay_swamp_entry_worms, nicolae_lair_lil_pond, lemuel_fruit_fields,
          uniq_sonja
Lair:3:   layout_gridlike, spider_nest_entry_a, serial_bayou_shore_b
Lair:4:   layout_cave_pods
Lair:5:   layout_gridlike, minmay_slime_entry_pillars,
          cheibrodos_lair_caveside_slide, grunt_megastairs_2,
          serial_bayou_shore_b
Lair:6:   minmay_lair_end_enchanted_forest, layout_loops_ring,
          gauntlet_entry_generic
Orc:1:    layout_diamond_mine, serial_shops, nicolae_shop_advertising_works
          [nicolae_subvault_shop_adworks], basic_altar,
          kennysheep_orc_sif_temple
Orc:2:    st_orc_elflike, layout_caves, minmay_orc_temple_c
IceCv:    ice_cave_caverns_03

Skill      XL: |  1  2  3  4  5  6  7  8  9 10 11 12 13 14 |
---------------+-------------------------------------------+-----
Ice Magic      | 4 5 6 8 9 10 12 | 12.8
Spellcasting   | 3 4 5 7 8 |  8.8
Fighting       | 1 2 4 6 8 10 | 10.0
Stealth        | 3 5 6 8 10 12 11 | 12.0
Unarmed Combat | 1 2 4 6 8 10 | 10.0
Dodging        | 3 4 6 8 10 9 | 10.0
Conjurations   | 3 6 10 12 | 12.8
Earth Magic    | 3 4 6 |  6.0
Evocations     | 4 7 8 |  8.0
Hexes          | 4 |  4.0

Action                   |  1- 3 |  4- 6 |  7- 9 | 10-12 | 13-15 || total
-------------------------+-------+-------+-------+-------+-------++-------
Melee: Unarmed           |    18 |    69 |   150 |   212 |   222 ||   671
       Bite              |     4 |     9 |    27 |    39 |    33 ||   112
       Punch             |     1 |       |     8 |    10 |    16 ||    35
 Cast: Freeze            |    47 |    60 |    25 |    19 |     3 ||   154
       Frozen Ramparts   |     1 |    23 |    19 |    70 |    68 ||   181
       Ozocubu's Armour  |       |     4 |    32 |    63 |    79 ||   178
       Stone Arrow       |       |       |    44 |   256 |   630 ||   930
       Hailstorm         |       |       |       |    36 |    61 ||    97
       Ozocubu's Refrige |       |       |       |       |     2 ||     2
Evoke: Wand              |       |       |     1 |     5 |     9 ||    15
       Lightning rod     |       |       |       |       |     6 ||     6
  Use: Scroll            |     1 |     9 |     5 |     8 |     9 ||    32
       Potion            |       |       |       |     1 |     5 ||     6
 Stab: Sleeping          |     4 |     8 |    10 |    18 |    24 ||    64
       Paralysed         |       |       |       |     3 |       ||     3
       Distracted        |       |       |       |     1 |     2 ||     3
Armor: Skin              |     4 |     9 |    34 |    40 |    72 ||   159
Dodge: Dodged            |    36 |    98 |   190 |   422 |   442 ||  1188
Block: Other             |       |       |       |     4 |    46 ||    50

Table legend: (Time is in decaauts)
 A = Elapsed time spent in this place.
 B = Non-inter-level travel time spent in this place.
 C = Inter-level travel time spent in this place.
 D = Time resting spent in this place.
 E = Time spent auto-exploring this place.
 F = Levels seen in this place.
 G = Mean time per level.
                   A        B        C        D        E       F      G
               +--------+--------+--------+--------+--------+-----+--------+
         Total |  46926 |  44158 |   2768 |  16573 |  20849 |  27 | 1738.0 |
       Dungeon |  25324 |  23250 |   2074 |   8516 |  11266 |  15 | 1688.3 |
        Temple |    135 |    113 |     22 |      0 |    100 |   1 |  135.0 |
          Lair |  14448 |  13939 |    509 |   5157 |   6817 |   6 | 2408.0 |
  Orcish Mines |   3363 |   3201 |    162 |   1337 |   1314 |   2 | 1681.5 |
         Sewer |   1084 |   1084 |      0 |    371 |    498 |   1 | 1084.0 |
      Ice Cave |   1800 |   1800 |      0 |    932 |    507 |   1 | 1800.0 |
      Gauntlet |    769 |    769 |      0 |    260 |    344 |   1 |  769.0 |
               +--------+--------+--------+--------+--------+-----+--------+

Top non-repeatable levels by time:
  Lair:5: 4158 daAuts
    D:11: 3566 daAuts
     D:9: 3425 daAuts
  Lair:6: 3155 daAuts
    D:10: 2680 daAuts
   Orc:2: 2397 daAuts
  Lair:4: 2300 daAuts
     D:5: 2005 daAuts
  Lair:2: 1890 daAuts
   IceCv: 1800 daAuts
     D:6: 1736 daAuts
  Lair:1: 1598 daAuts
     D:3: 1571 daAuts
    D:14: 1523 daAuts
     D:4: 1502 daAuts
